AoeStats
← TripleT

Black Forest

507722498Analyzed
3v3 RM · 13d ago on Sep 19, 2026· 46m 0s· 6 players
Game mode
Random Map
Map size
Normal (6 player)
Population
200
Speed
Normal
Resources
Standard
Victory
Conquest
Starting age
Dark Age
Ending age
Imperial Age
RankedLock teamsTeams togetherTeam positionsShared explorationLock speedFull tech treeHidden civsTurbo modeCheats
Victory
Defeat
🇨🇳 Franks · China
897
+15
🇨🇳 Persians · China
881
+16
🇭🇰 Persians · Hong Kong SAR China
863
+17
🇨🇳 Hindustanis · China
949
-19
🇨🇳 Franks · China
847
-15
🇨🇳 Gurjaras · China
835
-14
少打游戏多学习
0:30 Loom
13:04 Feudal Age
17:27 Castle Age
16:31 Double-Bit Axe
18:30 Bow Saw
24:08 Husbandry
25:41 Wheelbarrow
26:40 Town Watch
27:14 Forging
28:40 Hand Cart
28:45 Scale Barding Armor
33:14 Imperial Age
30:54 Scale Mail Armor
31:09 Town Patrol
32:09 Iron Casting
32:11 #83
32:39 Chain Barding Armor
32:43 Gold Mining
32:44 Stone Mining
33:35 Caravan
33:17 Light Cavalry
35:09 Plate Barding Armor
35:21 Conscription
35:30 Cavalier
36:32 Squires
35:53 Pikeman
37:55 Blast Furnace
37:11 Chain Mail Armor
37:51 Gold Shaft Mining
37:00 Elite Throwing Axeman
37:45 Chivalry
38:13 Paladin
39:32 Capped Ram
43:47 Plate Mail Armor
43:08 Fletching
43:19 Padded Archer Armor
43:43 Fervor
43:49 Block Printing
43:56 Sanctity
932618016
3:54 Loom
20:35 Feudal Age
21:27 Double-Bit Axe
21:39 Horse Collar
21:52 Gold Mining
21:53 Stone Mining
32:12 Scale Barding Armor
35:10 Castle Age
36:31 Wheelbarrow
35:42 Town Watch
41:27 Imperial Age
43:25 Husbandry
43:36 Bloodlines
42:47 Light Cavalry
42:57 Elite Shrivamsha Rider
42:59 Heavy Camel Rider
43:10 Heavy Camel Rider
45:28 Conscription
44:29 Elite Chakram Thrower
TripleT
0:33 Loom
10:35 Feudal Age
11:04 Double-Bit Axe
11:05 Horse Collar
19:12 Castle Age
18:39 Gold Mining
18:59 Scale Barding Armor
19:45 Forging
20:55 Bow Saw
21:01 Bloodlines
25:28 Iron Casting
26:15 Wheelbarrow
29:50 Gold Shaft Mining
29:54 Iron Casting
29:22 Husbandry
30:15 Heavy Plow
32:51 Imperial Age
30:41 Hand Cart
30:47 Hand Cart
30:38 Stone Mining
31:10 Chain Barding Armor
32:06 Grand Trunk Road
32:47 Caravan
33:15 Ballistics
33:01 Heavy Camel Rider
34:18 Conscription
35:58 Chemistry
36:10 Blast Furnace
35:47 Plate Barding Armor
35:08 Town Watch
34:59 Imperial Camel Rider
38:33 Coinage
42:20 Banking
彬彬有礼
0:32 Loom
14:55 Feudal Age
18:58 Castle Age
18:12 Double-Bit Axe
19:58 Wheelbarrow
20:30 Bow Saw
33:23 Imperial Age
31:39 Hand Cart
32:16 #83
32:20 Gold Mining
32:20 Stone Mining
32:44 Scale Barding Armor
33:19 Ballistics
33:13 Forging
33:10 Husbandry
35:06 Chemistry
34:12 Scale Mail Armor
35:07 Gold Shaft Mining
35:33 Conscription
36:24 Chain Barding Armor
36:39 Iron Casting
37:01 Chivalry
37:19 Cavalier
38:38 Plate Barding Armor
38:00 Pikeman
38:17 Elite Throwing Axeman
39:13 Squires
39:01 Arson
39:04 Gambesons
40:59 Blast Furnace
40:23 Halberdier
Ming
0:28 Loom
11:20 Feudal Age
19:10 Castle Age
17:47 Stone Mining
17:51 Double-Bit Axe
17:49 Horse Collar
18:10 Gold Mining
19:47 Heavy Plow
30:35 Imperial Age
29:02 Wheelbarrow
29:10 Kamandaran
30:11 Bow Saw
31:25 Gold Shaft Mining
31:14 Conscription
32:31 Hand Cart
36:47 Two-Man Saw
36:00 Husbandry
36:11 Bloodlines
35:28 Elite War Elephant
35:48 Crossbowman
36:40 Thumb Ring
38:38 Stone Shaft Mining
38:13 Scale Barding Armor
38:18 Forging
38:10 Padded Archer Armor
38:01 Fletching
39:32 Chain Barding Armor
40:46 Iron Casting
40:45 Crop Rotation
40:02 Light Cavalry
40:45 Squires
42:29 Plate Barding Armor
41:34 Hussar
42:36 Elite Skirmisher
旺旺
11:12 Feudal Age
11:34 Double-Bit Axe
19:11 Castle Age
17:10 Stone Mining
19:19 Horse Collar
19:51 Bow Saw
21:33 Heavy Plow
21:45 Gold Mining
28:43 Imperial Age
27:24 Gold Shaft Mining
29:29 Crop Rotation
30:07 Two-Man Saw
30:37 Wheelbarrow
31:24 Hand Cart
34:24 Scale Barding Armor
34:29 Forging
34:22 Scale Mail Armor
36:34 Chain Barding Armor
36:50 Iron Casting
36:12 Elite War Elephant
38:49 Plate Barding Armor
38:29 Chain Mail Armor
39:07 Conscription
38:47 Arson
39:05 Squires
38:28 Pikeman
40:25 Blast Furnace
40:20 Halberdier
41:06 Husbandry
41:17 Bloodlines
41:59 Plate Mail Armor
Connection lost

Rejoining the realm…

Still unreachable

The connection could not be restored.

Session expired

The server has moved on; the page needs a fresh start.